 Dungeon Crawl Stone Soup version 0.25.1-9-gc5326a611f (webtiles) character file.

Game seed: 369270581179101572

47 MajorAdolf the Chopper (level 3, 0/28 HPs)
             Began as a Naga Wanderer on Dec 23, 2020.
             Succumbed to an adder's poison
             ... on level 2 of the Dungeon.
             The game lasted 00:01:53 (1158 turns).

MajorAdolf the Chopper (Naga Wanderer)              Turns: 1158, Time: 00:01:53

Health: 0/28       AC:  6    Str: 15    XL:     3   Next: 70%
Magic:  4/4        EV:  7    Int: 11    God:
Gold:   44         SH:  0    Dex: 11    Spells: 4/4 levels left

rFire    . . .     SeeInvis +   a - +0 hand axe
rCold    . . .     Gourm    .   (no shield)
rNeg     . . .     Faith    .   b - +2 scale mail
rPois    +         Spirit   .   (no helmet)
rElec    .         Reflect  .   (no cloak)
rCorr    .         Harm     .   (no gloves)
MR       .....                  (no barding)
Stlth    ..........             (no amulet)
HPRegen  0.09/turn              (no ring)
MPRegen  0.09/turn              (no ring)

@: lethally poisoned (0 -> -1), short of breath, flying, very slow
A: large, see invisible, deformed body, poison resistance, slowness 2, slow
metabolism 1, spit poison 1, AC +1
a: Spit Poison


You were on level 2 of the Dungeon.
You were hungry.

You visited 1 branch of the dungeon, and saw 2 of its levels.

You collected 44 gold pieces.

Inventory:

Hand Weapons
 a - a +0 hand axe (weapon)
Armour
 b - a +2 scale mail (worn)
Jewellery
 e - an uncursed ring of protection from magic {unknown}
 g - an uncursed amulet of reflection {unknown}
 l - a cursed amulet of inaccuracy {unknown}
Scrolls
 c - 2 scrolls of teleportation
 i - a scroll of identify {unknown}
 j - a scroll of remove curse {unknown}
Comestibles
 d - 4 rations
 k - a chunk of flesh


   Skills:
 + Level 3.9 Axes
 - Level 2.4 Armour
 - Level 1.5 Stealth
 - Level 1.0 Spellcasting
   Level 1.0 Charms
   Level 1.0 Fire Magic
   Level 1.0 Evocations


You had 4 spell levels left.
You didn't know any spells.
Your spell library was empty.

Dungeon Overview and Level Annotations

Branches:
Dungeon (2/15)

Altars:


Innate Abilities, Weirdness & Mutations

You cannot wear boots.
Your serpentine skin is tough. (AC +1)
You have supernaturally acute eyesight. (SInv)
Armour fits poorly on your strangely shaped body.
Your system is resistant to poisons. (rPois)
You cover ground very slowly.
You have a slow metabolism.
You can spit poison.


Message History

You feel sick.
Unknown command.
Press: ? - help, Shift-Dir - straight line, f - jackal
Aim: a jackal The splash of poison misses the jackal.
You are feeling hungry.
The jackal completely misses you.
The jackal bites you but does no damage.
Unknown command.
You hit the jackal.
The jackal is almost dead.
The jackal bites you.
* * * LOW HITPOINT WARNING * * *
You hit the jackal but do no damage.
The jackal is almost dead.
The jackal bites you but does no damage. x2
Unknown command.
You hit the jackal but do no damage.
The jackal is almost dead.
You die...

#.##.....#
#..#.....#
##.#.....#
#...#......
##..#.#####
#..#.# #.>#.#
##.# # #####
#@#.#
......##h#.####
..............#
......##.#.##.#
..... #.#..#
.... ... .# ###
......#
......##
........


You could see a jackal.

Vanquished Creatures
  An adder (D:2)
  4 dart slugs (D:1)
  4 giant cockroaches
  4 hobgoblins (D:1)
  3 jackals (D:2)
  A ball python (D:1)
  2 bats (D:1)
  A frilled lizard (D:1)
  4 goblins
  2 kobolds (D:1)
  4 rats (D:1)
30 creatures vanquished.

Notes
Turn   | Place    | Note
-------+----------+-------------------------------------------
     0 | D:1      | MajorAdolf the Naga Wanderer began the quest for the Orb.
     0 | D:1      | MajorAdolf set off with the following items: a +0 hand axe,
                  | a +2 scale mail, a scroll of teleportation, a ration
     0 | D:1      | Reached XP level 1. HP: 15/15 MP: 2/2
    83 | D:1      | Reached XP level 2. HP: 8/22 MP: 3/3
   509 | D:1      | Reached skill level 3 in Axes
   763 | D:1      | Reached XP level 3. HP: 25/28 MP: 4/4
  1154 | D:2      | HP: 1/28 [poisoned by an adder]
  1158 | D:2      | Succumbed to an adder's poison

Illustrated notes

Levels and vault maps discovered:
D:1:      enne_arrival_octagon_isle, layout_rooms
D:2:      minmay_chambers_of_ones, layout_basic, marbit_many_paths

Skill      XL: |  1  2 |
---------------+-------+-----
Axes           | 3 |  3.9
Armour         | |  2.4
Stealth        | |  1.5
Spellcasting   | |  1.0
Charms         | |  1.0
Fire Magic     | |  1.0
Evocations     | |  1.0

Action                   || total
-------------------------++-------
Melee: Hand axe          ||   111
 Abil: Spit Poison       ||     7
  Use: Potion            ||     2
Armor: Scale mail        ||    84
Dodge: Dodged            ||    61
